 Dungeon Crawl Stone Soup version 0.21-a0-630-g344d351 (webtiles) character file.

142 Monsterracer the Insei (level 5, 0/40 HPs)
             Began as a Draconian Transmuter on Dec 27, 2017.
             Slain by Crazy Yiuf
             ... wielding a +4 quarterstaff of chaos
              (4 damage)
             ... on level 3 of the Dungeon.
             The game lasted 00:06:51 (2692 turns).

Monsterracer the Insei (Draconian Transmuter)       Turns: 2692, Time: 00:06:52

Health: 0/40       AC:  6    Str: 12    XL:     5   Next: 3%
Magic:  8/8        EV: 12    Int: 14    God:
Gold:   166        SH:  0    Dex: 12    Spells: 2/8 levels left

rFire    . . .     SeeInvis .     - Unarmed
rCold    . . .     Gourm    .   (no shield)
rNeg     . . .     Faith    .   (armour unavailable)
rPois    .         Spirit   .   (helmet restricted)
rElec    .         Reflect  .   (no cloak)
rCorr    .         Harm     .   k - +0 pair of gloves
MR       +....                  (no boots)
Stlth    +.........             (no amulet)
HPRegen  0.13/turn              l - ring of protection from magic (curse) {!d}
MPRegen  0.11/turn              (no ring)

@: no status effects
A: unfitting armour, cold-blooded, AC +5
a: no special abilities


You were on level 3 of the Dungeon.
You were not hungry.

You visited 1 branch of the dungeon, and saw 3 of its levels.

You collected 166 gold pieces.

Inventory:

Missiles
 a - 20 arrows
Armour
 k - a +0 pair of gloves (worn)
Jewellery
 l - a cursed ring of protection from magic (left hand) {!d}
Scrolls
 f - a scroll of magic mapping {unknown}
 g - 4 scrolls of identify {unknown}
 i - a scroll of noise {unknown}
 j - 2 scrolls of remove curse {unknown}
Potions
 d - a potion of berserk rage {unknown}
 e - a potion of flight {unknown}
 h - a potion of resistance {unknown}
 m - a potion of brilliance {unknown}
Books
 b - a book of Changes

   Spells                             Type                      Level
   a - Beastly Appendage              Transmutation                1
   b - Sticks to Snakes               Transmutation                2
   c - Spider Form                    Transmutation/Poison         3
   d - Ice Form                       Ice/Transmutation            4
   e - Blade Hands                    Transmutation                5
Comestibles
 c - 6 rations


   Skills:
 - Level 1.1 Fighting
 - Level 1.7 Dodging
 * Level 4.8 Unarmed Combat
 - Level 2.0 Spellcasting
 + Level 3.6 Transmutations


You had 2 spell levels left.
You knew the following spells:

 Your Spells              Type           Power        Failure   Level  Hunger
a - Beastly Appendage     Tmut           ##....       5%          1    ##.....
b - Sticks to Snakes      Tmut           ##......     8%          2    ###....
c - Spider Form           Tmut/Pois      #.........   32%         3    ####...


Dungeon Overview and Level Annotations

Branches:
Dungeon (3/15)

Altars:

Annotations:
D:3 Crazy Yiuf


Innate Abilities, Weirdness & Mutations

Your plain brown scales are hard. (AC +5)
You cannot fit into any form of body armour.
You are cold-blooded and may be slowed by cold attacks.


Message History

Confirm with . or Enter, or press ? or * to list all spells.
You turn into a venomous arachnid creature.
Your +0 pair of gloves melds into your body.
You now have 0/7 mp.
You completely miss the iguana. You hit the iguana but do no damage.
The iguana is poisoned.
The iguana misses you.
You hit the iguana.
The iguana looks as sick as possible!
The iguana is lightly wounded.
The iguana closely misses you.
You hit the iguana.
The iguana is heavily wounded.
The iguana barely misses you.
You hit the iguana but do no damage.
The iguana is severely wounded.
The iguana misses you.
You hit the iguana.
You kill the iguana!
You have reached level 5!
Health restored: 40 Your transformation is almost over.
You are feeling hungry.
Your transformation has ended.
Your +0 pair of gloves unmelds from your body.
Your magical contamination has completely faded away.
You butcher the adder corpse.
n - 2 chunks of flesh Eating one of 2 chunks of flesh.
You eat one of the 2 chunks of flesh.
This raw flesh tastes terrible.
You now have 166 gold pieces (gained 12).
j - 2 scrolls labeled AHAQITA OMUTA (gained 1)
You open the door.
All of the chunks of flesh in your inventory have rotted away.
Things that are here:
a whip; a leather armour; an orc skeleton
There is a stone staircase leading up here.
You open the door.
There is an open door here.
Partly explored, can't reach some places.
MP restored: 8 Partly explored, can't reach some places.
You open the door. You hit the fungus.
The fungus is lightly damaged.
You punch the fungus!
The fungus is moderately damaged.
You hit the fungus. You tail-slap the fungus.
The fungus is heavily damaged.
You hit the fungus.
You tail-slap the fungus, but do no damage.
The fungus is heavily damaged.
You hit the fungus.
The fungus is heavily damaged.
You hit the fungus.
The fungus is severely damaged.
You hit the fungus.
You tail-slap the fungus, but do no damage.
The fungus is severely damaged.
You hit the fungus.
The fungus is almost destroyed.
You hit the fungus. You tail-slap the fungus.
You destroy the fungus!
You hit the fungus.
The fungus is lightly damaged.
Found a runed door.
Casting: Spider Form
Confirm with . or Enter, or press ? or * to list all spells.
You turn into a venomous arachnid creature.
Your +0 pair of gloves melds into your body.
Your transformation is almost over.
You now have 5/8 mp.
You open the door.
Crazy Yiuf the Enlightened comes into view.
He is wielding a quarterstaff of chaos.
Crazy Yiuf shouts!
Found a mace.
There is an open door here.
You hit Crazy Yiuf but do no damage.
Crazy Yiuf is poisoned.
You barely miss Crazy Yiuf.
Crazy Yiuf hits you with a quarterstaff of chaos!
Crazy Yiuf draws strength from your wounds!
You take 8 damage, and have 32/40 hp.
You barely miss Crazy Yiuf. Crazy Yiuf barely misses you.
You barely miss Crazy Yiuf.
Crazy Yiuf is lightly wounded.
Crazy Yiuf hits you with a quarterstaff of chaos.
You are electrocuted!
* * * LOW HITPOINT WARNING * * *
You take 23 damage, and have 9/40 hp.
MASSIVE DAMAGE!!
Your transformation has ended.
Your +0 pair of gloves unmelds from your body.
Crazy Yiuf says, "Defame!
Powder koolooloo blue."
Crazy Yiuf says, "Mountain childish sing-song!"
MP restored: 8 Crazy Yiuf says, "Crazy?
Crazy!?
PORCUPINE!"
Crazy Yiuf says, "Announcement!
Papa Xom action."
Crazy Yiuf says, "Shower!"
Crazy Yiuf hits you with a quarterstaff of chaos!
* * * LOW HITPOINT WARNING * * *
Crazy Yiuf burns you.
You die...

..# #####
#......>.)#
..#
####.######
..###### #.#
.......# #.#
...<##.## #.#
....##..# #.#
....###.# #.#
).### #.## #g#
#.# #..# #@#
#)# ##.####
#.# #.##
#....# #.#
#รท<#####..#.#
#.#
#..##.......#
#.#
#((...###.###
#.# ##)##.#
#.# #.#
##.##.# #.#
#.#
##.######.##
#.#


You could see Crazy Yiuf.

Vanquished Creatures
  An iguana (D:3)
  3 adders (D:2)
  2 worms
  A dart slug (D:2)
  4 leopard geckos
  2 orcs (D:3)
  9 bats
  3 giant cockroaches
  7 goblins
  12 hobgoblins
  8 kobolds
  A frilled lizard (D:3)
  8 rats
  A fungus (D:3)
62 creatures vanquished.

Vanquished Creatures (collateral kills)
  2 adders
  A goblin (D:2)
3 creatures vanquished.

Grand Total: 65 creatures vanquished

Notes
Turn   | Place    | Note
-------+----------+-------------------------------------------
     0 | D:1      | Monsterracer the Draconian Transmuter began the quest for the Orb.
     0 | D:1      | Reached XP level 1. HP: 16/16 MP: 3/3
   228 | D:1      | Reached XP level 2. HP: 20/23 MP: 5/5
   232 | D:1      | Learned a level 2 spell: Sticks to Snakes
   795 | D:2      | Reached XP level 3. HP: 18/28 MP: 0/6
   806 | D:1      | HP: 14/28 [poisoned by an adder]
   812 | D:1      | Learned a level 3 spell: Spider Form
   814 | D:1      | HP: 13/28 [poisoned by an adder]
  1238 | D:2      | Reached skill level 4 in Unarmed Combat
  1377 | D:2      | Reached XP level 4. HP: 35/35 MP: 0/7
  2429 | D:3      | Reached XP level 5. HP: 40/40 MP: 0/8
  2644 | D:3      | Found a runed door.
  2649 | D:3      | Noticed Crazy Yiuf
  2654 | D:3      | HP: 9/40 [Crazy Yiuf/quarterstaff of chaos (19)]
  2692 | D:3      | HP: 4/40 [Crazy Yiuf/quarterstaff of chaos (10)]
  2692 | D:3      | Slain by Crazy Yiuf

Vault maps used:
D:1:      lightli_iron_boxes
D:3:      uniq_crazy_yiuf_cottage

Skill      XL: |  1  2  3 |
---------------+----------+-----
Transmutations | 3 |  3.6
Unarmed Combat | 4 |  4.8
Fighting       | |  1.1
Dodging        | |  1.7
Spellcasting   | |  2.0

Action                   |  1- 3 |  4- 6 || total
-------------------------+-------+-------++-------
Melee: Unarmed           |   108 |   111 ||   219
       Tailslap          |     7 |    14 ||    21
       Headbutt          |     2 |       ||     2
       Punch             |     1 |       ||     1
       Kick              |     7 |     1 ||     8
 Cast: Beastly Appendage |    14 |     3 ||    17
       Sticks to Snakes  |     3 |     1 ||     4
       Spider Form       |     1 |     3 ||     4
 Stab: Sleeping          |     1 |     1 ||     2
  Eat: Chunk             |     2 |     5 ||     7
Armor: Skin              |    29 |    23 ||    52
Dodge: Dodged            |    58 |    63 ||   121

Table legend:
 A = Spawn XP
 B = Non-spawn XP
 C = Spawn XP percentage of total XP
 D = Spawn monster count
 E = Non-spawn monster count
 F = Spawn count percentage of total count
 G = Total turns spent on level
                    A         B        C        D         E        F      G
               +---------+---------+-------+---------+---------+-------+---------
         Total |       0 |     203 |   0.0 |       0 |      64 |   0.0 |  2692
               +---------+---------+-------+---------+---------+-------+---------
           D:1 |       0 |      40 |   0.0 |       0 |      23 |   0.0 |   979
           D:2 |       0 |      79 |   0.0 |       0 |      22 |   0.0 |   966
           D:3 |       0 |      84 |   0.0 |       0 |      19 |   0.0 |   747
               +---------+---------+-------+---------+---------+-------+---------

Vault maps used:
D:1:      lightli_iron_boxes
D:3:      uniq_crazy_yiuf_cottage
